 Dungeon Crawl Stone Soup version 0.30.0-5-g1a98f26d00 (webtiles) character file.

Game seed: 9990756992049700830

95 sampeng1 the Insei (level 4, -3/33 HPs)
             Began as a Human Transmuter on May 11, 2023.
             Slain by a goblin
             ... wielding a +0 club
             ... led by Robin
              (6 damage)
             ... on level 3 of the Dungeon.
             The game lasted 00:06:30 (2229 turns).

sampeng1 the Insei (Human Transmuter)               Turns: 2229, Time: 00:06:31

Health: -3/33      AC:  4    Str: 12    XL:     4   Next: 97%
Magic:  7/7        EV: 12    Int: 13    God:
Gold:   106        SH:  0    Dex: 14    Spells: 7/8 levels left

rFire   . .          .
                       - Unarmed
rCold   . . .        (no shield)
rNeg    + . .        a - +0 robe
rPois   .            (helmet currently unavailable)
rElec   .            l - +1 cloak
rCorr   +            (no gloves)
SInv    .            (boots currently unavailable)
Will    .....        (no amulet)
Stlth   +            f - ring of positive energy
HPRegen 0.25/turn    g - ring of resist corrosion
MPRegen 0.10/turn

%: no passive effects
@: appendages (expiring)
A: horns 2, talons 2
a: End Transformation


You were on level 3 of the Dungeon.
You had temporarily grown beastly horns and talons.
You visited 1 branch of the dungeon, and saw 3 of its levels.

You collected 106 gold pieces.

Inventory:

Missiles
 c - 2 atropa-tipped darts (quivered)
 d - 26 stones
 n - 5 poisoned darts
Armour
 a - a +0 robe (worn)
 l - a +1 cloak (worn)
Jewellery
 f - a ring of positive energy (left hand)
 g - a ring of resist corrosion (right hand)
 p - a ring of flight
Scrolls
 e - a scroll of noise
 j - 2 scrolls of poison
Potions
 b - a potion of lignification
 i - a potion of flight


   Skills:
 + Level 2.0 Fighting
 + Level 2.7 Dodging
 + Level 3.5 Unarmed Combat
 + Level 2.5 Spellcasting
 + Level 2.7 Transmutations


You had 7 spell levels left.
You knew the following spells:

 Your Spells              Type           Power      Damage    Failure   Level
a - Beastly Appendage     Tmut           16%        N/A       8%          1

Your spell library contained the following spells:

 Spells                   Type           Power      Damage    Failure   Level
 Wereblood                Tmut           8%         N/A       12%         2
 Necrotise                Necr           4%         1d4       24%         1
 Spider Form              Tmut/Pois      5%         N/A       38%         3
 Vampiric Draining        Necr           1%         2d6       58%         3
 Ice Form                 Ice/Tmut       5%         N/A       80%         4
 Agony                    Necr           1%         N/A       100%        5


Dungeon Overview and Level Annotations

Branches:
Dungeon (3/15)

Altars:


Innate Abilities, Weirdness & Mutations

You have temporarily grown beastly horns and talons.


Message History

Robin is moderately wounded.
The hobgoblin closely misses you. The goblin hits you with a +0 club.
The goblin misses you. The goblin barely misses you.
A goblin comes into view. It is wielding a +0 club.
You hit Robin. You claw Robin.
Robin is heavily wounded.
The hobgoblin closely misses you. The goblin barely misses you.
The hobgoblin hits you. Robin hits you with a +0 club.
The goblin hits you with a +0 club. The goblin hits you with a +0 dagger.
You hit Robin but do no damage. You claw Robin.
Robin is severely wounded.
The hobgoblin hits you.
* * * LOW HITPOINT WARNING * * *
The goblin closely misses you. The hobgoblin barely misses you.
The goblin hits you but does no damage. Robin closely misses you.
The goblin hits you with a +0 club.
* * * LOW HITPOINT WARNING * * *
The goblin hits you with a +0 dagger.
* * * LOW HITPOINT WARNING * * *
You feel better. The hobgoblin barely misses you. The goblin misses you.
The hobgoblin hits you. The goblin closely misses you.
Robin closely misses you. The goblin barely misses you.
The goblin closely misses you.
You hit Robin.
You kill Robin!
The hobgoblin no longer looks unusually strong.
The goblin no longer looks unusually strong.
The goblin hits you with a +0 dagger.
* * * LOW HITPOINT WARNING * * *
The hobgoblin completely misses you. The goblin closely misses you.
The goblin misses you. The hobgoblin hits you.
* * * LOW HITPOINT WARNING * * *
The goblin hits you with a +0 dagger.
* * * LOW HITPOINT WARNING * * *
You barely miss the goblin. Your headbutt misses the goblin.
The goblin hits you but does no damage. The goblin completely misses you.
The hobgoblin hits you.
* * * LOW HITPOINT WARNING * * *
The goblin hits you but does no damage. The goblin hits you with a +0 club.
You die...

..# #### #.## ..#
..... ....##+ #.#
....
.......####.##...
....... .....##
..##.#.g# #.....
.....ggg###..#
#.gg@g....#
###ggg...<#
##........#
#......###
#####..# #..#
#..# !... .#.#


You could see 4 hobgoblins and 6 goblins.

Vanquished Creatures
  A scorpion zombie (D:2)
  Robin (D:3)
  An adder (D:2)
  4 dart slugs
  A bat (D:1)
  A bat skeleton (D:2)
  2 endoplasms (D:1)
  2 giant cockroaches (D:1)
  5 goblins
  5 hobgoblins
  A quokka (D:1)
  4 ball pythons
  2 ball python skeletons (D:2)
  3 frilled lizards
  A giant cockroach zombie (D:2)
  3 kobolds (D:1)
  A quokka skeleton (D:2)
  6 rats
44 creatures vanquished.

Notes
Turn   | Place    | Note
-------+----------+-------------------------------------------
     0 | D:1      | sampeng1 the Human Transmuter began the quest for the Orb.
     0 | D:1      | Reached XP level 1. HP: 15/15 MP: 3/3
   261 | D:1      | Reached XP level 2. HP: 21/21 MP: 3/5
   584 | D:1      | Reached XP level 3. HP: 9/26 MP: 4/6
  1522 | D:2      | Reached XP level 4. HP: 33/33 MP: 7/7
  2215 | D:3      | Noticed Robin
  2228 | D:3      | Killed Robin
  2229 | D:3      | Slain by a goblin

Illustrated notes

Levels and vault maps discovered:
D:1:      kilobyte_arrival_exit_the_forest, layout_basic, serial_glass,
          glass_columns_c, glass_columns_a, hangedman_decor_slide_cut,
          minmay_misc_feat_tower
D:2:      layout_basic, serial_undead, serial_undead_d, serial_undead_c,
          serial_undead_f, serial_undead_c
D:3:      layout_basic, gup_sewer_entry_pipe, serial_shops, shop, uniq_robin,
          uniq_terence, uniq_jessica

Skill      XL: |  1  2  3  4 |
---------------+-------------+-----
Fighting       | 2 |  2.0
Dodging        | |  2.7
Unarmed Combat | |  3.5
Spellcasting   | |  2.5
Transmutations | |  2.7

Action                     |  1- 3 |  4- 6 || total
---------------------------+-------+-------++-------
  Melee: Unarmed           |    95 |    59 ||   154
         Kick              |    16 |    12 ||    28
         Headbutt          |     7 |     2 ||     9
         Punch             |     2 |     1 ||     3
   Cast: Beastly Appendage |    10 |     2 ||    12
    Use: Scroll            |       |     7 ||     7
         Potion            |       |     1 ||     1
   Stab: Sleeping          |     1 |       ||     1
 Armour: Robe              |    18 |    24 ||    42
  Dodge: Dodged            |    63 |    54 ||   117
